[Event "Titled Tuesday Blitz July 26 Early 2022"]
[White "Obregon Garcia, Roxangel"]
[Black "Aggelis, Nikolaos"]
[WhiteFideId "3520420"]
[BlackFideId "4213220"]
[WhiteElo "2036"]
[BlackElo "2154"]
[Result "0-1"]
[Round "01"]
[TimeControl "180+1"]
[Date "2022.07.27"]
[WhiteClock "0:00:14"]
[BlackClock "0:00:12"]

1. e4 c6 2. d4 d5 3. Nc3 dxe4 4. Nxe4 Nf6 5. Ng5 h6 6. N5f3 Bf5 7. Bd3 Bxd3 8. Qxd3 e6 9. Bf4 Bd6 10. Ne5 Bxe5 11. Bxe5 Nbd7 12. Bg3 O-O 13. Nf3 Qb6 14. b3 c5 15. O-O cxd4 16. Nxd4 Nc5 17. Qe3 Nd5 18. Qf3 Na4 19. Rad1 Nac3 20. Rd3 Nxa2 21. c4 Ndb4 22. Rd2 Rad8 23. Rfd1 Na6 24. h4 N2b4 25. Be5 f6 26. Bg3 e5 27. Nf5 Qc7 28. Rxd8 Rxd8 29. Rxd8+ Qxd8 30. Qg4 Qf8 31. Nxh6+ Kh7 32. Nf5 g6 33. Ne3 Nc5 34. h5 Qh6 35. hxg6+ Qxg6 36. Qc8 b6 37. Nd5 Nxd5 38. cxd5 Qf7 39. d6 Qd7 40. Qf8 Kg6 41. Bh4 Qf7 42. Qe7 Nd7 43. Kh2 Qxe7 44. dxe7 Kf7 45. Kg3 Kxe7 46. f4 Ke6 47. Kf3 exf4 48. Kxf4 a5 49. Ke3 Nc5 50. b4 axb4 51. Kd4 b3 52. Kc3 Ke5 53. Be1 Kd5 54. Bh4 f5 55. Bd8 b5 56. Bb6 b4+ 57. Kb2 Kc4 58. Bc7 Nd3+ 59. Kb1 Kd4 60. Bd6 Ke3 61. g3 Kf3 62. Bc7 Ke4 63. Bd6 Kd5 64. Bc7 Kc4 65. Bd6 b2 66. Bc7 Kb3 67. Bd6 Nf2 68. Be5 Ne4 69. Bxb2 Nxg3 70. Be5 Ne4 71. Kc1 Nc3 72. Kd2 Nd5 73. Ke2 Kc2 74. Kf3 b3 75. Bd4 b2 76. Bxb2 Kxb2 0-1


[Site "https://www.chess.com"]

[Event "Titled Tuesday Blitz July 26 Early 2022"]
[White "Pakleza, Zbigniew"]
[Black "Nilsson, Joakim"]
[WhiteFideId "1119290"]
[BlackFideId "1723383"]
[WhiteElo "2467"]
[BlackElo "2214"]
[Result "1-0"]
[Round "01"]
[TimeControl "180+1"]
[Date "2022.07.26"]
[WhiteClock "0:00:53"]
[BlackClock "0:01:04"]

1. d4 Nf6 2. Nf3 c5 3. c3 d5 4. Bf4 Nc6 5. e3 e6 6. Nbd2 cxd4 7. cxd4 Nh5 8. Be5 f6 9. Bg3 Be7 10. Bd3 O-O 11. Rc1 Bd7 12. a3 Rc8 13. Bh4 g6 14. O-O a6 15. b4 b5 16. Nb3 e5 17. dxe5 fxe5 18. Bxe7 Qxe7 19. Be2 Nf6 20. Nc5 e4 21. Nd4 Nxd4 22. Qxd4 Qd6 23. h3 Bf5 24. Rfd1 Rfd8 25. Nb7 Qe6 26. Nxd8 Rxd8 27. Bf1 Rf8 28. Rc7 Ne8 29. Ra7 Nf6 30. Rc1 g5 31. Rcc7 Kh8 32. Re7 Qd6 33. Qe5 1-0


[Site "https://www.chess.com"]

[Event "Titled Tuesday Blitz July 26 Early 2022"]
[White "Papasimakopoulos, Alexandros"]
[Black "Leschinsky, Gary"]
[WhiteFideId "4244125"]
[BlackFideId "30951321"]
[WhiteElo "2340"]
[BlackElo "1809"]
[Result "1/2-1/2"]
[Round "01"]
[TimeControl "180+1"]
[Date "2022.07.27"]
[WhiteClock "0:00:06"]
[BlackClock "0:00:05"]

1. d4 Nf6 2. c4 c6 3. Nc3 d5 4. cxd5 cxd5 5. Bf4 Nc6 6. e3 a6 7. Bd3 Bg4 8. Nge2 e6 9. Rc1 Bd6 10. f3 Bh5 11. O-O O-O 12. Na4 e5 13. dxe5 Nxe5 14. Nc5 Qe7 15. Nb3 Rfe8 16. Nbd4 Bg6 17. Nf5 Bxf5 18. Bxf5 Nc4 19. Bxd6 Qxe3+ 20. Rf2 Nxd6 21. Bb1 Rac8 22. Kf1 Rxc1 23. Qxc1 Qe5 24. g3 Nc4 25. b3 Ne3+ 26. Kg1 d4 27. Bd3 Nfd5 28. f4 Qe6 29. Nxd4 Qf6 30. Nf3 Ng4 31. Re2 Rd8 32. Be4 Qb6+ 33. Kg2 Nge3+ 34. Kh1 g6 35. Bxd5 Nxd5 36. Qd2 Nf6 37. Qe3 Qxe3 38. Rxe3 Kg7 39. Re2 Rd3 40. Kg2 Kf8 41. Rc2 Re3 42. h3 Ne4 43. b4 h5 44. g4 hxg4 45. hxg4 Rc3 46. Re2 f5 47. gxf5 gxf5 48. Nd4 Rg3+ 49. Kh2 Rg4 50. a3 Kf7 51. Nxf5 Rxf4 52. Rxe4 Rxf5 53. Kg3 Rf1 54. Kg2 Ra1 55. Re3 Rd1 56. Kf3 Rd6 57. Re4 Re6 58. Rh4 Rf6+ 59. Ke4 Ke6 60. Kd4 Kd6 61. Rh7 Kc6 62. Rh4 Rf3 63. a4 Rb3 64. Kc4 Rb1 65. Rh6+ Kc7 66. Rh7+ Kb6 67. a5+ Ka7 68. Rh4 Rc1+ 69. Kd5 Rb1 70. Kc5 Rc1+ 71. Rc4 Rh1 72. Rd4 Rh5+ 73. Rd5 Rh4 74. Re5 Rg4 75. Rf5 Rh4 76. Rg5 Rf4 77. Rg6 Rh4 78. b5 Rh5+ 79. Kc4 Rxb5 80. Rg1 Rxa5 81. Kb4 Rh5 82. Rg8 Rh6 83. Rg4 b5 84. Ka5 Rh7 85. Rg6 Kb7 86. Rb6+ Kc7 87. Rxa6 Rh1 88. Kxb5 Rb1+ 89. Kc5 Kb7 90. Rh6 Rc1+ 91. Kd5 Rd1+ 92. Kc5 Rc1+ 93. Kb5 Rb1+ 94. Kc5 Rc1+ 1/2-1/2


[Site "https://www.chess.com"]

[Event "Titled Tuesday Blitz July 26 Early 2022"]
[White "Peiris, T G M"]
[Black "Sammed Jaykumar, Shete"]
[WhiteFideId "9901310"]
[BlackFideId "5073421"]
[WhiteElo "2022"]
[BlackElo "2239"]
[Result "1/2-1/2"]
[Round "01"]
[TimeControl "180+1"]
[Date "2022.07.27"]
[WhiteClock "0:00:16"]
[BlackClock "0:00:14"]

1. d4 Nf6 2. Nf3 e6 3. c4 d5 4. Nc3 c6 5. Bg5 Nbd7 6. e3 Qa5 7. Bxf6 Nxf6 8. Bd3 dxc4 9. Bxc4 b5 10. Bb3 Ne4 11. Rc1 Nxc3 12. bxc3 Ba3 13. Rc2 O-O 14. O-O c5 15. c4 Rd8 16. Qe2 bxc4 17. Bxc4 Bb7 18. dxc5 Bxc5 19. Rb1 Be4 20. Rb5 Qa3 21. Rcb2 Rac8 22. R5b3 Qa5 23. Ba6 Rc6 24. Bb7 Bxf3 25. gxf3 Rcd6 26. Rb5 Qc3 27. Rc2 Rd1+ 28. Kg2 Qf6 29. f4 Bf8 30. Qg4 h6 31. Bf3 Ra1 32. Rb7 Be7 33. Rcc7 Re8 34. Be4 Rxa2 35. Rxa7 Rxa7 36. Rxa7 Bf8 37. Rb7 Re7 38. Rxe7 Bxe7 39. f5 exf5 40. Qxf5 Qg5+ 41. Qxg5 Bxg5 42. Bf5 Bf6 43. Be4 g6 44. Bf3 Kg7 45. Be2 h5 46. e4 Bh4 47. f3 Kf6 48. Bc4 Ke7 49. Bd5 Bg5 50. Bc4 Bf4 51. Bd5 Kf6 52. Bc4 Ke7 53. Bd5 f6 54. Bc6 h4 55. h3 Kd6 56. Be8 g5 57. Bh5 Kc5 58. Bg4 Kd4 59. Bf5 Ke3 60. Bg4 Kd4 61. Bf5 Ke3 62. Bg4 Kd4 1/2-1/2


[Site "https://www.chess.com"]

[Event "Titled Tuesday Blitz July 26 Early 2022"]
[White "Rangel, Daniel"]
[Black "Bryakin, Mikhail"]
[WhiteFideId "2124475"]
[BlackFideId "4165314"]
[WhiteElo "2225"]
[BlackElo "2422"]
[Result "0-1"]
[Round "01"]
[TimeControl "180+1"]
[Date "2022.07.27"]
[WhiteClock "0:00:07"]
[BlackClock "0:00:17"]

1. c4 g6 2. g3 Bg7 3. Bg2 e6 4. Nc3 Ne7 5. e4 h5 6. d4 h4 7. Bg5 hxg3 8. hxg3 Rxh1 9. Bxh1 f6 10. Be3 d6 11. Qg4 e5 12. Qh4 exd4 13. Bxd4 Nec6 14. Be3 Ne5 15. Qh7 Kf7 16. Nd5 Na6 17. O-O-O Qh8 18. Qxh8 Bxh8 19. b3 Ng4 20. Bf3 Nxe3 21. Nxe3 Rb8 22. Ne2 Nc5 23. Rh1 Bg7 24. Kd2 a5 25. Nc3 c6 26. Bg4 Be6 27. Bxe6+ Kxe6 28. f3 Rh8 29. Rxh8 Bxh8 30. Ne2 Bg7 31. Nd4+ Kf7 32. Nec2 Bh6+ 33. Ke2 Bc1 34. a3 Bb2 35. b4 axb4 36. axb4 Nd7 37. b5 Nb8 38. bxc6 bxc6 39. Kd3 Bc1 40. Nb3 Bb2 41. Nb4 Ke6 42. Nc2 Kd7 43. Ne3 Na6 44. Ng4 f5 45. exf5 gxf5 46. Ne3 Ke6 47. Nd4+ Bxd4 48. Kxd4 Nc5 49. Ng2 Nb3+ 50. Kc3 Nc1 51. Nf4+ Kf6 52. Kd2 Nb3+ 53. Kc3 Nc5 54. Nd3 Nd7 55. Nb4 c5 56. Nd5+ Ke5 57. Kd3 Nb8 58. f4+ Ke6 59. Ne3 Nc6 60. g4 fxg4 61. Nxg4 Kf5 62. Ne3+ Kxf4 63. Nd5+ Ke5 64. Nc7 Kf6 65. Kc3 Ne5 66. Nd5+ Ke6 67. Nb6 Kf5 68. Nd5 Nf7 69. Nb6 Ke5 70. Nd5 Ke4 71. Nb6 Ng5 72. Nd5 Ne6 73. Nb6 Nd4 74. Nd5 Ne2+ 75. Kd2 Nf4 76. Ne7 Kd4 77. Nc8 Ke5 78. Kc3 Ng6 79. Nb6 Ne7 80. Kd3 Ke6 81. Kc3 Nc6 82. Kd3 Ne5+ 83. Kc3 Nf3 84. Kd3 Nd4 85. Kc3 Ke5 86. Kd3 Nb3 87. Nd5 Na5 88. Nb6 Nc6 89. Nd5 Nb4+ 90. Nxb4 cxb4 91. Kc2 Kd4 92. Kb3 Kc5 93. Kb2 Kxc4 94. Kc2 d5 0-1


[Site "https://www.chess.com"]

[Event "Titled Tuesday Blitz July 26 Early 2022"]
[White "Richter, Nils"]
[Black "Aravindh, Chithambaram VR."]
[WhiteFideId "12990809"]
[BlackFideId "5072786"]
[WhiteElo "2311"]
[BlackElo "2577"]
[Result "0-1"]
[Round "01"]
[TimeControl "180+1"]
[Date "2022.07.26"]
[WhiteClock "0:01:10"]
[BlackClock "0:00:57"]

1. d4 g6 2. c4 Bg7 3. Nc3 c5 4. d5 d6 5. e4 Nf6 6. Bd3 O-O 7. h3 e6 8. Nf3 exd5 9. exd5 Re8+ 10. Be3 Nbd7 11. O-O a6 12. Bf4 Nh5 13. Bxd6 Qb6 14. Bh2 Qxb2 15. Ne4 Qxa1 16. Qxa1 Bxa1 17. Rxa1 b5 18. Nd6 bxc4 19. Bxc4 Re7 20. Nxc8 Rxc8 21. d6 Re4 22. Bxf7+ Kg7 23. Bd5 Re2 24. Ng5 Rce8 25. Bc6 Re1+ 0-1


[Site "https://www.chess.com"]

[Event "Titled Tuesday Blitz July 26 Early 2022"]
[White "Rustemov, Alexander"]
[Black "Derjabin, Ilja"]
[WhiteFideId "4119002"]
[BlackFideId "14104768"]
[WhiteElo "2814"]
[BlackElo "2341"]
[Result "1-0"]
[Round "01"]
[TimeControl "180+1"]
[Date "2022.07.26"]
[WhiteClock "0:01:08"]
[BlackClock "0:00:35"]

1. d4 Nf6 2. c4 d6 3. Nf3 Bf5 4. Qb3 Qc8 5. g3 c6 6. Bg2 h6 7. O-O Nbd7 8. Nc3 Ne4 9. Nh4 Nxc3 10. Qxc3 Bh7 11. e4 e6 12. d5 cxd5 13. exd5 e5 14. Bh3 Be7 15. Nf5 Bxf5 16. Bxf5 Qc7 17. Be3 O-O 18. Rac1 Bg5 19. Bxg5 hxg5 20. Qe3 g6 21. Bxd7 Qxd7 22. Qxg5 Rac8 23. h4 Qh3 24. Qf6 Rfd8 25. Rfd1 Rd7 26. a4 a6 27. b4 Qg4 28. c5 dxc5 29. bxc5 Rxc5 30. Rxc5 Qxd1+ 31. Kg2 Kh7 32. Rc8 Qxd5+ 33. Kh2 1-0


[Site "https://www.chess.com"]

[Event "Titled Tuesday Blitz July 26 Early 2022"]
[White "Sadubayev, Airat"]
[Black "Ramirez Vido, Robert Yorisan"]
[WhiteFideId "13713264"]
[BlackFideId "3513823"]
[WhiteElo "2163"]
[BlackElo "2412"]
[Result "1-0"]
[Round "01"]
[TimeControl "180+1"]
[Date "2022.07.27"]
[WhiteClock "0:00:06"]
[BlackClock "0:00:03"]

1. d4 g6 2. c4 Nf6 3. Nc3 Bg7 4. e4 d6 5. Be2 O-O 6. Bg5 Na6 7. Qd2 e5 8. d5 Nc5 9. f3 a5 10. g4 c6 11. h4 Bd7 12. h5 cxd5 13. cxd5 b5 14. Nh3 b4 15. Nd1 Bxg4 16. fxg4 Ncxe4 17. Qd3 Nxg5 18. Nxg5 Nxd5 19. Nxf7 Rxf7 20. Qxd5 Rc8 21. hxg6 hxg6 22. Bc4 Rc7 23. Ne3 Qg5 24. Ke2 Bh6 25. Rxh6 Qxh6 26. Rf1 Qh2+ 27. Kd1 Qxb2 28. Rxf7 Qa1+ 29. Ke2 Qb2+ 30. Kf3 e4+ 31. Qxe4 Rxf7+ 32. Bxf7+ Kxf7 33. Qd5+ Kg7 34. Kg3 1-0


[Site "https://www.chess.com"]

[Event "Titled Tuesday Blitz July 26 Early 2022"]
[White "Sarana, Alexey"]
[Black "Jarmula, Lukasz"]
[WhiteFideId "24133795"]
[BlackFideId "1160664"]
[WhiteElo "2666"]
[BlackElo "2246"]
[Result "1-0"]
[Round "01"]
[TimeControl "180+1"]
[Date "2022.07.26"]
[WhiteClock "0:01:07"]
[BlackClock "0:00:11"]

1. c4 e5 2. g3 Nf6 3. Bg2 Bc5 4. e3 c6 5. Ne2 d5 6. cxd5 cxd5 7. d4 exd4 8. Nxd4 O-O 9. O-O Bg4 10. Qd3 Nc6 11. Nxc6 bxc6 12. b3 Qe7 13. Bb2 Rad8 14. Nc3 d4 15. exd4 Bxd4 16. Qc4 Qc5 17. Qxc5 Bxc5 18. Na4 Bd4 19. Bxc6 Bxb2 20. Nxb2 Be2 21. Rfc1 Rd2 22. Nc4 Bxc4 23. Rxc4 h5 24. h3 Rfd8 25. b4 Rb2 26. a4 Rdd2 27. Rf4 h4 28. gxh4 Nh5 29. Rf3 Rxb4 30. Re1 Nf6 31. Re7 a5 32. Ra7 Rc2 33. Bb5 Rxh4 34. Ra8+ Kh7 35. Bd3+ g6 36. Bxc2 1-0


[Site "https://www.chess.com"]

[Event "Titled Tuesday Blitz July 26 Early 2022"]
[White "Senlle Caride, Miguel"]
[Black "Arias, Juan Cruz"]
[WhiteFideId "2282500"]
[BlackFideId "118540"]
[WhiteElo "2339"]
[BlackElo "2091"]
[Result "1-0"]
[Round "01"]
[TimeControl "180+1"]
[Date "2022.07.27"]
[WhiteClock "0:00:04"]
[BlackClock "0:00:15"]

1. e4 e6 2. d4 d5 3. e5 c5 4. c3 Ne7 5. Nf3 Nec6 6. Bd3 b6 7. Qe2 a5 8. Na3 cxd4 9. Nb5 dxc3 10. bxc3 Be7 11. Bf4 Nd7 12. a4 Nc5 13. Bc2 Ba6 14. O-O h6 15. h4 O-O 16. h5 f5 17. exf6 Bxf6 18. Qe3 Re8 19. Bc7 Qd7 20. Bxb6 Nb7 21. Qd3 e5 22. Qh7+ Kf8 23. Bg6 Rec8 24. Bf5 Qf7 25. Bxc8 Rxc8 26. Qh8+ Qg8 27. Qxg8+ Kxg8 28. Rfd1 Ne7 29. Nc7 Bc4 30. Rab1 Nd6 31. Ne6 Ne4 32. Bxa5 Nc6 33. Bb6 Nxc3 34. a5 e4 35. Nd2 Nxd1 36. Rxd1 Ba6 37. Nc7 Be2 38. Re1 Bd3 39. Nxd5 Be5 40. Nxe4 Re8 41. Nc5 Bh2+ 42. Kxh2 Rxe1 43. Nxd3 Rd1 44. N3b4 Nb8 45. a6 Nxa6 46. Ne3 Ra1 47. Nxa6 Rxa6 48. Bd4 Kf7 49. g4 Ra4 50. Bc3 Ra3 51. Be5 Ra5 52. Bd4 Ra2 53. Nf5 g6 54. hxg6+ Kxg6 55. Kg3 h5 56. Nh4+ Kh6 57. Be3+ Kg7 58. gxh5 Ra4 59. f4 Ra5 60. Kg4 Kh7 61. Bd4 Ra1 62. Be5 Rg1+ 63. Kf5 Rh1 64. Kg4 Rg1+ 65. Kf3 Rh1 66. Kg3 Rg1+ 67. Kh2 Rg4 68. Kh3 Rg1 69. Nf5 Rh1+ 70. Kg4 Rg1+ 71. Ng3 Rb1 72. f5 Rb4+ 73. Kg5 Rb1 74. f6 Rg1 75. f7 Rxg3+ 76. Bxg3 Kg7 77. Be5+ Kxf7 78. h6 Kg8 79. Kg6 1-0


[Site "https://www.chess.com"]

[Event "Titled Tuesday Blitz July 26 Early 2022"]
[White "Shtyka, Sergey"]
[Black "Melkumyan, Hrant"]
[WhiteFideId "4138465"]
[BlackFideId "13302485"]
[WhiteElo "1995"]
[BlackElo "2604"]
[Result "0-1"]
[Round "01"]
[TimeControl "180+1"]
[Date "2022.07.26"]
[WhiteClock "0:00:23"]
[BlackClock "0:01:15"]

1. e4 e6 2. Nf3 d5 3. Nc3 dxe4 4. Nxe4 Bd7 5. d4 Bc6 6. Bd3 Nd7 7. O-O Ngf6 8. Nxf6+ Nxf6 9. c3 Bd6 10. Bg5 h6 11. Bh4 O-O 12. Bg3 a5 13. Be5 a4 14. Re1 Ra5 15. Bxd6 cxd6 16. Qe2 Qb6 17. Rad1 Bxf3 18. Qxf3 Qxb2 19. Rb1 Qxa2 20. Rxb7 Qd5 21. Qxd5 Nxd5 22. c4 Nf4 23. Bf1 a3 24. Ra1 e5 25. c5 dxc5 26. dxe5 Ng6 27. e6 fxe6 28. Bc4 Nf4 29. Re7 Ra4 30. Bxe6+ Nxe6 31. Rxe6 Rb8 32. Kf1 a2 33. Re2 Rb1+ 34. Re1 Rxa1 35. Rxa1 Kf7 36. Ke2 Ke6 37. Kd3 Kd5 38. f3 c4+ 39. Kc3 Kc5 40. f4 Ra3+ 41. Kb2 Kb4 42. g4 Rf3 43. Rxa2 Rxf4 44. Ra8 Rf2+ 45. Kc1 Rxh2 46. Rg8 g5 47. Rb8+ Kc3 48. Kb1 Rh1+ 49. Ka2 Rh4 50. Rb6 Kc2 51. Rb4 c3 52. Rd4 h5 53. Rd5 Rxg4 54. Ra5 h4 0-1


[Site "https://www.chess.com"]

[Event "Titled Tuesday Blitz July 26 Early 2022"]
[White "Skuhala, Jernej"]
[Black "Kravtsiv, Martyn"]
[WhiteFideId "14605651"]
[BlackFideId "14113147"]
[WhiteElo "2381"]
[BlackElo "2694"]
[Result "0-1"]
[Round "01"]
[TimeControl "180+1"]
[Date "2022.07.27"]
[WhiteClock "0:00:06"]
[BlackClock "0:00:04"]

1. e4 e5 2. Nf3 Nc6 3. Bb5 a6 4. Ba4 Nf6 5. O-O Be7 6. Re1 b5 7. Bb3 O-O 8. d4 Nxd4 9. Nxd4 exd4 10. e5 Ne8 11. Qxd4 c5 12. Qe4 Nc7 13. c3 Rb8 14. Bc2 g6 15. Bh6 Re8 16. Nd2 d5 17. exd6 Bxd6 18. Qf3 Bb7 19. Qh3 Ne6 20. Rad1 Nf4 21. Bxf4 Rxe1+ 22. Rxe1 Bxf4 23. Nf1 Qf6 24. Be4 Re8 25. Qf3 Bg5 26. Qg4 h5 27. Qd7 Rxe4 28. Rxe4 Bxe4 29. Qe8+ Kg7 30. Qxe4 Qd6 31. Qc2 c4 32. b3 Qd3 33. Qb2 Bf6 34. bxc4 Qxc4 35. Qa3 Qc6 36. Nd2 Bxc3 37. Nb3 Bf6 38. g3 Be5 39. Qb4 Qd6 40. Qe4 Bf6 41. Qe3 Qa3 42. Qe2 a5 43. Qxb5 a4 44. Nc5 Qc1+ 45. Kg2 a3 46. Ne4 Qb2 47. Qc6 Bd4 48. Qc4 Bb6 49. Qc3+ Bd4 50. Qc4 h4 51. gxh4 Bb6 52. Qc3+ Bd4 53. Qxb2 axb2 54. Nd2 Kf6 55. Kf3 Ke5 56. Ke2 Kd5 57. Kd3 Bxf2 58. h5 gxh5 59. Kc2 Bd4 60. a4 f5 61. a5 f4 62. a6 Kc6 63. Nb3 Bf6 64. Na5+ Kb6 65. Nc4+ Kxa6 66. Nd6 f3 67. Ne4 Bd4 68. Nd2 f2 69. h3 Kb5 70. Kd3 Kc5 71. Ne4+ Kd5 72. Nf6+ Bxf6 0-1


[Site "https://www.chess.com"]

[Event "Titled Tuesday Blitz July 26 Early 2022"]
[White "Srihari L R"]
[Black "D`Arruda, Ricardo D."]
[WhiteFideId "46617116"]
[BlackFideId "100692"]
[WhiteElo "2170"]
[BlackElo "2437"]
[Result "0-1"]
[Round "01"]
[TimeControl "180+1"]
[Date "2022.07.27"]
[WhiteClock "0:00:04"]
[BlackClock "0:00:11"]

1. c4 e5 2. Nc3 Nf6 3. Nf3 Nc6 4. e3 Be7 5. a3 O-O 6. Qc2 d6 7. Be2 Bg4 8. O-O a5 9. b3 Re8 10. Bb2 Qd7 11. d3 Bf8 12. Rac1 Rac8 13. Rfd1 h6 14. d4 e4 15. Nd2 Bxe2 16. Nxe2 Qg4 17. Ng3 h5 18. d5 Ne5 19. Ndxe4 h4 20. Nxf6+ gxf6 21. h3 Qg5 22. Ne4 Qg6 23. Kh1 f5 24. Nc3 Bg7 25. Ne2 Kh8 26. Nd4 f4 27. exf4 Qxc2 28. Nxc2 Ng6 29. Bxg7+ Kxg7 30. f5 Nf4 31. Ne3 Re4 32. c5 Rce8 33. cxd6 cxd6 34. Rc7 R8e7 35. Rxe7 Rxe7 36. Rc1 Nd3 37. Rc3 Nxf2+ 38. Kg1 Ne4 39. Rc4 Nd2 40. Rc3 Ne4 41. Rc8 Nd2 42. Ng4 Re4 43. f6+ Kh7 44. Rd8 Nxb3 45. Rxd6 Nc5 46. Rd8 Ra4 47. Rc8 b6 48. Rc7 Kg6 49. d6 Rxa3 50. Rxc5 bxc5 51. d7 Ra1+ 52. Kf2 Rd1 53. Ke2 Rd6 54. Ke3 Kf5 55. Kf3 Rxd7 0-1


[Site "https://www.chess.com"]

[Event "Titled Tuesday Blitz July 26 Early 2022"]
[White "Suder, Jakub"]
[Black "Kozak, Adam"]
[WhiteFideId "1195310"]
[BlackFideId "753246"]
[WhiteElo "2071"]
[BlackElo "2459"]
[Result "0-1"]
[Round "01"]
[TimeControl "180+1"]
[Date "2022.07.26"]
[WhiteClock "0:00:14"]
[BlackClock "0:00:42"]

1. d4 Nf6 2. c4 g6 3. Nc3 Bg7 4. e4 d6 5. Nf3 O-O 6. Be2 e5 7. O-O Bg4 8. d5 a5 9. Ne1 Bd7 10. Nd3 Na6 11. Be3 Ne8 12. c5 f5 13. f3 Bf6 14. Kh1 Bg5 15. Bg1 Qe7 16. Qb3 Rb8 17. Qc4 dxc5 18. d6+ Qe6 19. Qxe6+ Bxe6 20. dxc7 Nexc7 21. Nxe5 Bf6 22. f4 Rfd8 23. exf5 Bxf5 24. Rad1 Kg7 25. Bf3 b6 26. h3 Nb4 27. Rfe1 Nc2 28. Rf1 Nd4 29. Bxd4 Rxd4 30. Nc6 Rxd1 31. Rxd1 Re8 32. g4 Bc8 33. Kg2 Ne6 34. Kg3 Nd4 35. Nxd4 Bxd4 36. Rd2 Re3 37. Nd5 Re6 38. b3 Rd6 39. Ne7 Bd7 40. f5 Be5+ 0-1


[Site "https://www.chess.com"]

[Event "Titled Tuesday Blitz July 26 Early 2022"]
[White "Svane, Frederik"]
[Black "Martin Duque, Jesus"]
[WhiteFideId "12923044"]
[BlackFideId "2208954"]
[WhiteElo "2459"]
[BlackElo "2258"]
[Result "1-0"]
[Round "01"]
[TimeControl "180+1"]
[Date "2022.07.26"]
[WhiteClock "0:00:05"]
[BlackClock "0:00:14"]

1. e4 c5 2. Nf3 e6 3. g3 b6 4. Bg2 Bb7 5. Nc3 g6 6. O-O Bg7 7. d4 cxd4 8. Nb5 d6 9. Nfxd4 Ke7 10. e5 dxe5 11. Bxb7 exd4 12. Bxa8 a6 13. Na3 h5 14. c3 h4 15. cxd4 hxg3 16. hxg3 Nf6 17. Bg5 Nd7 18. Bg2 Rh5 19. Bxf6+ Nxf6 20. d5 Nxd5 21. Nc4 Qh8 22. Re1 Bd4 23. Qf3 Rf5 24. Rad1 Rxf3 25. Bxf3 Nb4 26. a3 Nc2 27. Re2 Qh3 28. Rxc2 Qxg3+ 29. Bg2 Qg4 30. Re1 b5 31. Na5 Qh4 32. Nc6+ Kf8 33. Nxd4 Qxd4 34. Rec1 Kg7 35. Bf3 a5 36. Rd1 Qe5 37. Rd7 Qg5+ 38. Bg2 Qf6 39. Rb7 Qd4 40. Rcc7 Qxb2 41. Rxf7+ Kh6 42. Rf3 b4 43. axb4 a4 44. Ra7 Qxb4 45. Ra8 Kg7 46. Ra7+ Kh6 47. Ra8 Kg7 48. Rg3 Qe1+ 49. Bf1 Qe4 50. Ra6 Kh6 51. Bd3 Qe1+ 52. Kg2 Kh5 53. Bxg6+ Kh4 54. Rxa4+ 1-0


[Site "https://www.chess.com"]

[Event "Titled Tuesday Blitz July 26 Early 2022"]
[White "Timofeev, Artyom"]
[Black "Peatman, Carter"]
[WhiteFideId "4140419"]
[BlackFideId "2096480"]
[WhiteElo "2578"]
[BlackElo "2468"]
[Result "1-0"]
[Round "01"]
[TimeControl "180+1"]
[Date "2022.07.26"]
[WhiteClock "0:00:22"]
[BlackClock "0:00:02"]

1. e4 e5 2. Nf3 Nf6 3. Nxe5 d6 4. Nf3 Nxe4 5. Qe2 Qe7 6. d3 Nf6 7. Bg5 Nbd7 8. Nc3 c6 9. O-O-O Qxe2 10. Bxe2 Be7 11. Rhe1 O-O 12. Nd4 Ne5 13. h3 h6 14. Be3 Re8 15. f4 Ng6 16. g4 a5 17. f5 Ne5 18. Bf4 Nfd7 19. Nf3 a4 20. d4 Nxf3 21. Bxf3 Kf8 22. Ne4 d5 23. Nd6 Rd8 24. c4 Nf6 25. c5 b6 26. Nxc8 Raxc8 27. cxb6 Bd6 28. Bd2 c5 29. Kb1 cxd4 30. Ba5 Ra8 31. Bd2 Bc5 32. a3 Rab8 33. Rc1 Bxb6 34. Bb4+ Kg8 35. Rc6 Ne4 36. Bxe4 dxe4 37. Rxe4 d3 38. Kc1 Rbc8 39. Rec4 Rxc6 40. Rxc6 Be3+ 41. Kd1 Bd4 42. Bc3 Bxc3 43. bxc3 Rb8 44. Kd2 Rb3 45. Kxd3 Rxa3 46. Ra6 Kh7 47. Kc4 g6 48. h4 h5 49. fxg6+ fxg6 50. g5 Kg7 51. Ra7+ Kg8 52. Kd4 Kf8 53. c4 Rh3 54. Kd5 Rxh4 55. Rxa4 Rg4 56. Kd6 Rxg5 57. c5 Rg3 58. c6 Rd3+ 59. Ke6 Rc3 60. Kd7 g5 61. Ra5 1-0


[Site "https://www.chess.com"]

[Event "Titled Tuesday Blitz July 26 Early 2022"]
[White "Toncheva, Nadya"]
[Black "Nakamura, Hikaru"]
[WhiteFideId "2924056"]
[BlackFideId "2016192"]
[WhiteElo "1888"]
[BlackElo "2850"]
[Result "0-1"]
[Round "01"]
[TimeControl "180+1"]
[Date "2022.07.26"]
[WhiteClock "0:00:10"]
[BlackClock "0:00:54"]

1. d4 g6 2. c4 Bg7 3. Nc3 c5 4. d5 Bxc3+ 5. bxc3 Qa5 6. Qc2 f5 7. e4 fxe4 8. Ne2 d6 9. Ng3 Bf5 10. Be2 Nf6 11. Bg5 Nbd7 12. O-O O-O-O 13. Rab1 h6 14. Be3 Ne5 15. Rb5 Qc7 16. Rfb1 Rd7 17. a4 Kb8 18. a5 Ka8 19. Qa4 Rb8 20. a6 b6 21. R5b2 Rh8 22. Bd1 Rdd8 23. Qa2 h5 24. h4 Rhf8 25. Bh6 Rg8 26. Bg5 Rdf8 27. Ba4 Bd7 28. Bxd7 Nexd7 29. Re2 Ne5 30. Nxe4 Nh7 31. Rbe1 Nd3 32. Rd1 Ne5 33. Rde1 Rf7 34. Re3 Rgf8 35. f3 Qd7 36. Qe2 Qa4 37. Bh6 Rb8 38. Nd2 Qxa6 39. f4 Ng4 40. Rxe7 Nxh6 41. Rxf7 Nxf7 42. Qe7 Qb7 43. Qxb7+ Rxb7 44. Re8+ Rb8 45. Re7 Rf8 46. Ne4 a5 0-1


[Site "https://www.chess.com"]

[Event "Titled Tuesday Blitz July 26 Early 2022"]
[White "Tong, Hai Anh"]
[Black "Kamsky, Gata"]
[WhiteFideId "12412805"]
[BlackFideId "2000024"]
[WhiteElo "1467"]
[BlackElo "2645"]
[Result "0-1"]
[Round "01"]
[TimeControl "180+1"]
[Date "2022.07.26"]
[WhiteClock "0:01:09"]
[BlackClock "0:00:45"]

1. d4 Nf6 2. c4 g6 3. Nf3 Bg7 4. Nc3 d6 5. g3 O-O 6. Bg2 Nc6 7. O-O a6 8. b3 Rb8 9. Bb2 b5 10. cxb5 axb5 11. Qd3 Nb4 12. Qd2 c5 13. e4 Bb7 14. a3 Na6 15. e5 Ne4 16. Nxe4 Bxe4 17. Qe3 Bxf3 18. Bxf3 cxd4 19. Bxd4 dxe5 20. Ba7 e4 21. Qxe4 Rc8 22. Rac1 Qd6 23. a4 bxa4 24. bxa4 Nc5 25. Bxc5 Rxc5 26. Rxc5 Qxc5 27. Qc6 Qb4 28. Qb5 Rb8 29. Qxb4 Rxb4 30. Bc6 Rb2 31. Rd1 Bc3 32. Bb5 e5 33. Kf1 Bd4 34. Be2 Ra2 35. f4 Rxa4 36. fxe5 Bxe5 37. Bf3 Ra2 38. Be2 Kf8 39. Kf2 Ke7 40. Kf3 h5 41. Rd5 f6 42. h3 g5 43. Rd3 g4+ 44. hxg4 hxg4+ 45. Kf2 f5 46. Rd5 Kf6 47. Rd3 Rb2 48. Ra3 Bd4+ 49. Ke1 Rb1+ 50. Bd1 Be5 51. Kd2 Kg5 52. Ra5 Bc3+ 53. Kxc3 Rxd1 54. Kc2 Rf1 55. Kd2 Rf3 56. Ke2 Rxg3 57. Kf2 Rb3 58. Kg2 Rb4 59. Ra8 Kf4 60. Ra2 Rd4 61. Rf2+ Kg5 62. Ra2 f4 63. Ra5+ Kh4 64. Ra8 Rd2+ 65. Kf1 Kg3 66. Rg8 f3 67. Ke1 Re2+ 68. Kf1 Rh2 69. Ke1 Rh1+ 70. Kd2 f2 0-1


[Site "https://www.chess.com"]

[Event "Titled Tuesday Blitz July 26 Early 2022"]
[White "Turzo, Attila"]
[Black "Mikhailovsky, Vladimir"]
[WhiteFideId "704954"]
[BlackFideId "34105414"]
[WhiteElo "2469"]
[BlackElo "2303"]
[Result "0-1"]
[Round "01"]
[TimeControl "180+1"]
[Date "2022.07.26"]
[WhiteClock "0:00:38"]
[BlackClock "0:00:51"]

1. e4 Nf6 2. e5 Nd5 3. d4 d6 4. Nf3 dxe5 5. Nxe5 c6 6. Be2 Bf5 7. O-O Nd7 8. Nf3 e6 9. a3 Bd6 10. c4 N5f6 11. Nc3 O-O 12. Re1 h6 13. Bd3 Bxd3 14. Qxd3 Qc7 15. h3 a6 16. b3 Rad8 17. Qe2 Rfe8 18. Bb2 e5 19. dxe5 Nxe5 20. Nxe5 Bxe5 21. Qc2 Re6 22. Re2 Rde8 23. Rae1 Nh5 24. Re4 Qe7 25. Nd1 Bh2+ 26. Kxh2 Rxe4 27. Ne3 Qg5 28. Qc3 Nf4 29. g3 Nh5 30. Rg1 Qf6 31. Qd2 Qf3 32. Rd1 Nxg3 33. fxg3 Rxe3 34. Kg1 Re2 0-1


[Site "https://www.chess.com"]